 Dungeon Crawl Stone Soup version 0.31-a0-343-g456c268693 (webtiles) character file.

Game seed: 9315799000319634556

151 AdnanSaban the Covered (level 5, 0/33 HPs)
             Began as a Gargoyle Fighter on July 21, 2023.
             Slain by a bullfrog (6 damage)
             ... in a sewer.
             The game lasted 00:03:00 (2311 turns).

AdnanSaban the Covered (Gargoyle Fighter)           Turns: 2311, Time: 00:03:01

Health: 0/33       AC: 11    Str: 21    XL:     5   Next: 33%
Magic:  5/5        EV:  9    Int:  9    God:
Gold:   155        SH:  4    Dex:  9    Spells: 4/4 levels left

rFire   . . .        a - +0 flail
rCold   . . .        c - +0 buckler
rNeg    + . .        b - +0 scale mail
rPois   ∞            (no helmet)
rElec   +            (no cloak)
rCorr   .            (no gloves)
SInv    .            (no boots)
Will    .....        (no amulet) Stlth
                     (no ring)
HPRegen 0.25/turn    (no ring)
MPRegen 0.09/turn

%: no passive effects
@: very slow
A: sickness immunity, AC +4, negative energy resistance 1, electricity
resistance, torment resistance 1, petrification resistance
a: no special abilities


You were in a sewer.
You visited 1 branch of the dungeon, and saw 3 of its levels.
You also visited: Sewer.

You collected 155 gold pieces.

Inventory:

Hand Weapons
 a - a +0 flail (weapon)
Armour
 b - a +0 scale mail (worn)
 c - a +0 buckler (worn)
Scrolls
 g - 3 scrolls of teleportation {unknown}
 i - a scroll of amnesia {unknown}
 j - 2 scrolls of enchant weapon {unknown}
 k - a scroll of blinking {unknown}
 m - a scroll of enchant armour {unknown}
 o - a scroll of silence {unknown}
 p - a scroll of fear {unknown}
Potions
 d - a potion of might
 e - 4 potions of curing {unknown}
 f - 3 potions of lignification {unknown}
 h - 3 potions of mutation {unknown}
 l - a potion of heal wounds {unknown}
 n - a potion of resistance {unknown}


   Skills:
 + Level 4.0 Fighting
 + Level 3.5 Maces & Flails
 + Level 4.2 Armour
 + Level 0.9 Dodging
 + Level 3.8 Shields


You had 4 spell levels left.
You didn't know any spells.
Your spell library contained the following spells:

 Spells                   Type           Power      Damage    Failure   Level
 Shock                    Conj/Air       0%         1d3       78%         1
 Dazzling Flash           Conj/Hex       0%         N/A       98%         3
 Agony                    Necr           0%         N/A       100%        5
 Silence                  Hex/Air        0%         N/A       100%        5


Dungeon Overview and Level Annotations

Branches:
Dungeon (3/15)              Sewer (1/1)

Altars:
Nemelex Xobeh


Innate Abilities, Weirdness & Mutations

You are immune to sickness and miasma.
Your stone body is resilient. (AC +4)
You are immune to poison.
You resist negative energy. (rN+)
You are resistant to electric shocks. (rElec)
You are resistant to unholy torment.
You are immune to petrification.


Message History

You enter the shallow water.
Moving in this stuff is going to be slow.
The ball python barely misses you. x2; The adder bites you.
The adder barely misses you. The adder attacks as you move away!
The adder bites you. The adder attacks as you move away!
The adder bites you but does no damage.
The adder barely misses you. x3; The adder bites you but does no damage. x2
You block the ball python's attack. The ball python grabs you.
The ball python constricts you. The adder bites you but does no damage.
You escape the ball python's grasp.
The bullfrog closely misses you. The adder barely misses you.
The adder bites you.
The bullfrog hits you but does no damage.
The adder barely misses you. The adder attacks as you move away!
The adder barely misses you. The adder attacks as you move away!
The adder misses you. The bullfrog attacks as you move away!
You block the bullfrog's attack.
The bullfrog swells and bulges.
The bullfrog hits you but does no damage.
The adder barely misses you. The bullfrog completely misses you.
The adder bites you.
* * * LOW HITPOINT WARNING * * *
The adder bites you but does no damage. x2; You block the adder's attack.
The bullfrog hits you but does no damage.
The adder barely misses you.
The bullfrog hits you but does no damage.
The adder barely misses you. The bullfrog barely misses you.
The adder barely misses you. The adder bites you but does no damage.
The adder barely misses you. The adder bites you but does no damage.
You block the adder's attack. The adder bites you but does no damage.
The ball python bites you.
* * * LOW HITPOINT WARNING * * *
The ball python grabs you. The ball python constricts you.
You block the adder's attack. The bullfrog hits you.
* * * LOW HITPOINT WARNING * * *
The adder completely misses you. The adder bites you but does no damage.
You escape the ball python's grasp.
The bullfrog attacks as you move away! The bullfrog barely misses you.
The bullfrog snags a nearby millipede with its tongue.
The adder closely misses you. The bullfrog hits you.
You die...

##### ####...####
####.........####
##...............##
#.......#...†.....#
##......##'##......##
#....†.###..##......#
##~~..## #..###.~.~.#
#≈~~≈≈~# #####~F@~~≈#
#≈~†~≈≈# #≈SFSS≈#
#≈~≈~~~# #≈SS≈~≈#
#≈≈≈~≈~# #≈≈S~~≈#
#≈≈≈≈†~# #≈≈~~≈≈#
#≈....## #≈≈≈~#~#
#.~[[~≈# #≈≈≈≈~~#
#≈~~~.≈# #≈≈≈~.~#
#~~≈~≈≈# #≈≈≈~.≈#


You could see 2 bullfrogs, 5 adders and a ball python.

Vanquished Creatures
  3 adders
  5 river rats
  A dart slug (D:3)
  12 ball pythons
  7 bats
  7 endoplasms
  A giant cockroach (D:2)
  2 hobgoblins (D:1)
  4 quokkas
  6 frilled lizards
  8 goblins
  5 kobolds
  26 rats
87 creatures vanquished.

Notes
Turn   | Place    | Note
-------+----------+-------------------------------------------
     0 | D:1      | AdnanSaban the Gargoyle Fighter began the quest for the
                  | Orb.
     0 | D:1      | Reached XP level 1. HP: 14/14 MP: 1/1
   232 | D:1      | Reached XP level 2. HP: 17/19 MP: 2/2
   419 | D:1      | Found a faded altar of an unknown god.
   427 | D:1      | Got Plato's Vellum of the Brilliant Tempest
   906 | D:1      | Found a sparkling altar of Nemelex Xobeh.
  1002 | D:2      | Reached XP level 3. HP: 24/24 MP: 3/3
  1619 | D:2      | Reached XP level 4. HP: 29/29 MP: 4/4
  1820 | D:3      | Found a glowing drain.
  1851 | Sewer    | Entered a sewer
  2023 | Sewer    | Reached XP level 5. HP: 24/33 MP: 5/5
  2311 | Sewer    | Slain by a bullfrog

Illustrated notes

Levels and vault maps discovered:
D:1:      dpeg_arrival_lava_altar, layout_basic,
          shapermc_ecumenical_altar_rom_forum
D:2:      layout_basic
D:3:      minmay_octagon_keep, layout_basic, portal_sewer_entry_c
Sewer:    sewer_minmay_w

Skill      XL: |  1  2  3  4  5 |
---------------+----------------+-----
Maces & Flails | 3 |  3.5
Armour         | 4 |  4.2
Fighting       | 4 |  4.0
Dodging        | |  0.9
Shields        | |  3.8

Action                     |  1- 3 |  4- 6 || total
---------------------------+-------+-------++-------
  Melee: Flail             |   139 |   174 ||   313
 Armour: Scale mail        |    92 |   143 ||   235
  Dodge: Dodged            |    64 |   153 ||   217
  Block: Buckler           |    26 |    63 ||    89

Table legend: (Time is in decaauts)
 A = Elapsed time spent in this place.
 B = Non-inter-level travel time spent in this place.
 C = Inter-level travel time spent in this place.
 D = Time resting spent in this place.
 E = Time spent auto-exploring this place.
 F = Levels seen in this place.
 G = Mean time per level.
                   A        B        C        D        E       F      G
               +--------+--------+--------+--------+--------+-----+--------+
         Total |   2442 |   2369 |     73 |     46 |   1639 |   4 |  610.5 |
       Dungeon |   1911 |   1838 |     73 |      0 |   1423 |   3 |  637.0 |
         Sewer |    530 |    530 |      0 |     46 |    216 |   1 |  530.0 |
               +--------+--------+--------+--------+--------+-----+--------+

Top non-repeatable levels by time:
     D:1: 969 daAuts
     D:2: 773 daAuts
   Sewer: 530 daAuts
     D:3: 168 daAuts
